 Dungeon Crawl Stone Soup version 0.23.2-1-ga50397a (webtiles) character file.

Game seed: 4492562000285416632

144 IBeShadow the Shield-Bearer (level 5, 0/33 HPs)
             Began as a Tengu Fighter on May 16, 2019.
             Succumbed to an orc's poison
             ... on level 3 of the Dungeon.
             The game lasted 00:02:16 (2016 turns).

IBeShadow the Shield-Bearer (Tengu Fighter)         Turns: 2016, Time: 00:02:17

Health: 0/33       AC:  9    Str: 17    XL:     5   Next: 27%
Magic:  6/6        EV:  5    Int:  9    God:
Gold:   109        SH:  9    Dex: 13    Spells: 4/4 levels left

rFire    . . .     SeeInvis .   n - -2 long sword (curse)
rCold    . . .     Gourm    .   c - +0 shield
rNeg     . . .     Faith    .   s - +0 chain mail
rPois    .         Spirit   .   (helmet restricted)
rElec    .         Reflect  .   (no cloak)
rCorr    .         Harm     .   (no gloves)
MR       .....                  (boots unavailable)
Stlth    ..........             (no amulet)
HPRegen  0.11/turn              j - +1 ring of slaying
MPRegen  0.10/turn              (no ring)

@: lethally poisoned (0 -> -28), flying quickly and evasively, invisible, quick
A: beak, talons 3, able to fly
a: Stop Flying


You were on level 3 of the Dungeon.
You were not hungry.

You visited 1 branch of the dungeon, and saw 3 of its levels.

You collected 109 gold pieces.

Inventory:

Hand Weapons
 a - a +0 flail
 m - a +2 short sword of speed
 n - a cursed -2 long sword (weapon)
 v - a +0 morningstar
Armour
 b - a +0 scale mail
 c - a +0 shield (worn)
 s - a +0 chain mail (worn)
Jewellery
 j - a +1 ring of slaying (left hand)
Wands
 q - a wand of digging (9)
Scrolls
 l - a scroll of identify
 o - a scroll of remove curse {unknown}
 r - 2 scrolls of fog
 t - a scroll of magic mapping {unknown}
Potions
 d - a potion of might
 e - a potion of mutation {unknown}
 g - a potion of haste {unknown}
 h - 4 potions of lignification
 i - a potion of invisibility
 k - a potion of agility {unknown}
 p - a potion of degeneration {unknown}
Comestibles
 f - 7 rations


   Skills:
 + Level 4.1 Fighting
 + Level 3.8 Maces & Flails
 - Level 3.2 Armour
 + Level 4.1 Shields


You had 4 spell levels left.
You didn't know any spells.
Your spell library was empty.

Dungeon Overview and Level Annotations

Branches:
Dungeon (3/15)

Altars:


Innate Abilities, Weirdness & Mutations

You have a beak for a mouth.
You have claws for feet.
You can fly continuously.


Message History

You are too injured to fight recklessly!
You are too injured to fight recklessly!
You are too injured to fight recklessly!
Unknown command.
You barely miss the orc. You peck the orc, but do no damage.
* * * LOW HITPOINT WARNING * * *
You feel very sick. You block the orc's attack.
You hit the orc. Your kick misses the orc. You peck the orc.
You kill the orc!
* * * LOW HITPOINT WARNING * * *
You feel very sick.
Unknown command.
* * * LOW HITPOINT WARNING * * *
You feel sick.
Things that are here:
a +2 flail of venom; a +0 scale mail It was a potion of invisibility.
You fade into invisibility!
You die...

######## .....(.. ........
##### ........ #...# ........
#...# ........ #...# +#######
#...# .## #####...# ....
......)@# ..## #####...# #.#
####...##### #.# #..........#
#.# #..........# #.#
#..........# #.#######
#..........#########
....................)'>.......
#.###### ##..........#.#######


There were no monsters in sight!

Vanquished Creatures
  Natasha (D:3)
  An orc wizard (D:3)
  3 adders
  2 worms (D:2)
  2 dart slugs (D:2)
  7 orcs (D:3)
  2 giant cockroaches
  5 goblins
  8 hobgoblins
  5 kobolds
  2 quokkas (D:2)
  6 bats
  2 frilled lizards
  7 rats
53 creatures vanquished.

Notes
Turn   | Place    | Note
-------+----------+-------------------------------------------
     0 | D:1      | IBeShadow the Tengu Fighter began the quest for the Orb.
     0 | D:1      | Reached XP level 1. HP: 14/14 MP: 2/2
   356 | D:1      | Reached XP level 2. HP: 19/19 MP: 3/3
   897 | D:2      | Reached XP level 3. HP: 19/23 MP: 4/4
  1178 | D:2      | Reached XP level 4. HP: 26/28 MP: 5/5
  1957 | D:3      | Noticed Natasha
  1966 | D:3      | Killed Natasha
  1966 | D:3      | Gained mutation: You can fly continuously. [Tengu growth]
  1966 | D:3      | Reached XP level 5. HP: 28/33 MP: 6/6
  2016 | D:3      | Succumbed to an orc's poison

Skill      XL: |  1  2  3  4 |
---------------+-------------+-----
Maces & Flails | 3 |  3.8
Shields        | 4 |  4.1
Fighting       | 4 |  4.1
Armour         | |  3.2

Action                   |  1- 3 |  4- 6 || total
-------------------------+-------+-------++-------
Melee: Flail             |    28 |       ||    28
       Kick              |    16 |    12 ||    28
       Peck              |    11 |    13 ||    24
       Short sword       |    35 |    10 ||    45
       Long sword        |       |    52 ||    52
 Abil: Fly               |       |     1 ||     1
  Use: Scroll            |       |     2 ||     2
       Potion            |       |     1 ||     1
  Eat: Chunk             |     1 |     3 ||     4
Armor: Scale mail        |    22 |     3 ||    25
       Chain mail        |       |    32 ||    32
Dodge: Dodged            |    13 |    10 ||    23
Block: Shield            |    20 |    26 ||    46
       Rpst.: Long sword |       |     5 ||     5
